 Dungeon Crawl Stone Soup version 0.28.0 (webtiles) character file.

Game seed: 3534944510921237796

305 Sanktem7 the Skirmisher (level 6, 0/54 (56) HPs)
             Began as a Minotaur Fighter on Feb 9, 2022.
             Was an Initiate of Trog.
             Slain by a necrophage (1 damage)
             ... on level 5 of the Dungeon.
             The game lasted 00:06:34 (3543 turns).

Sanktem7 the Skirmisher (Minotaur Fighter)          Turns: 3543, Time: 00:06:35

HP:   0/54 (56)     AC:  7    Str: 28    XL:     6   Next: 15%
MP:   5/5           EV:  9    Int:  5    God:    Trog [......]
Gold: 163           SH:  4    Dex: 10    Spells: 5/5 levels left

rFire   . . .      SeeInvis .   o - +9 dagger of Tirphoug {distort, rElec Will+ Str+6}
rCold   . . .      Faith    .   c - +0 buckler
rNeg    . . .      Spirit   .   b - +0 scale mail
rPois   .          Reflect  .   (helmet restricted)
rElec   +          Harm     .   (no cloak)
rCorr   .          Rampage  .   (no gloves)
Will    +....                   (no boots)
Stlth   ..........              (no amulet)
HPRegen 0.18/turn               (no ring)
MPRegen 0.09/turn               (no ring)

@: lightly drained
A: horns 2, retaliatory headbutt
a: Renounce Religion


You were on level 5 of the Dungeon.
You worshipped Trog.
Trog was noncommittal.
You visited 1 branch of the dungeon, and saw 5 of its levels.

You collected 163 gold pieces.

Inventory:

Hand Weapons
 a - a +0 long sword
 o - the +9 dagger of Tirphoug (weapon) {distort, rElec Will+ Str+6}
   (You found it on level 3 of the Dungeon)

   It warps and distorts space around it, and may blink, banish, or inflict
   extra damage upon those it strikes.
   Unwielding it can cause banishment or high damage.
   Str:       It affects your strength (+6).
   rElec:     It insulates you from electricity.
   Will:      It increases your willpower.
Missiles
 j - 5 atropa-tipped darts (quivered)
Armour
 b - a +0 scale mail (worn)
 c - a +0 buckler (worn)
Jewellery
 w - a ring of magical power
 z - a +4 ring of slaying
 B - a ring of willpower
Scrolls
 f - 2 scrolls of teleportation {unknown}
 i - 2 scrolls of magic mapping {unknown}
 k - 2 scrolls of enchant weapon {unknown}
 l - 2 scrolls of immolation {unknown}
 n - 3 scrolls of enchant armour {unknown}
 p - 2 scrolls of noise {unknown}
 r - 2 scrolls of holy word {unknown}
 t - 3 scrolls of identify {unknown}
 u - a scroll of torment {unknown}
 x - 3 scrolls of vulnerability {unknown}
 y - a scroll of blinking {unknown}
Potions
 d - 2 potions of might
 e - 3 potions of curing {unknown}
 g - a potion of brilliance {unknown}
 h - a potion of resistance {unknown}
 m - a potion of lignification {unknown}
 q - 2 potions of flight {unknown}
 s - a potion of degeneration {unknown}
 v - a potion of haste {unknown}
 A - a potion of mutation {unknown}
 C - a potion of heal wounds {unknown}


   Skills:
 * Level 5.3 Fighting
 * Level 2.4(3.3) Short Blades
 - Level 3.8(4.2) Long Blades
 * Level 1.9 Throwing
 + Level 5.2 Armour
 - Level 0.4 Dodging
 - Level 3.6 Shields


You had 5 spell levels left.
You didn't know any spells.
Your spell library contained the following spells:

 Spells                   Type           Power      Damage    Failure   Level
 Gell's Gravitas          Tloc           0%         N/A       99%         3
 Lesser Beckoning         Tloc           0%         N/A       99%         3
 Teleport Other           Tloc           0%         N/A       99%         3


Dungeon Overview and Level Annotations

Branches:
Dungeon (5/15)             Temple (0/1) D:4

Altars:
Cheibriados
Elyvilon
Makhleb
Trog


Innate Abilities, Weirdness & Mutations

You have a pair of horns on your head.
You reflexively headbutt those who attack you in melee.


Message History

There is an open door here.
Found a rapier.
You now have 163 gold pieces (gained 15).
There is an open door here.
You see here 14 stones.
A quokka comes into view.
A quokka is nearby!
The quokka barely misses you.
You puncture the quokka!
You kill the quokka!
Trog accepts your kill.
You open the door. 2 orcs and 2 orc priests come into view.
The orc priest shouts!
The orc shouts! x2; The orc priest shouts!
A necrophage comes into view.
The orc priest calls down the wrath of Beogh upon you.
Beogh smites you!
Found a scroll labelled WIZURI NUADWU.
The orc priest invokes the aid of Beogh against you.
Beogh smites you!
There is an open door here.
The orc priest invokes the aid of Beogh against you.
Beogh smites you!
You barely miss the orc. You barely miss the orc.
The orc hits you with a +0 mace.
* * * LOW HITPOINT WARNING * * *
You barely miss the orc. The orc barely misses you.
You hit the orc.
Space warps around the orc.
You kill the orc!
Trog accepts your kill.
The orc priest invokes the aid of Beogh against you.
Beogh smites you!
* * * LOW HITPOINT WARNING * * *
You puncture the orc!
You kill the orc!
Trog accepts your kill.
You barely miss the necrophage. The necrophage hits you.
* * * LOW HITPOINT WARNING * * *
You feel drained.
You die...

.##........##
............# ##
...........+ ..
#....?....# .##
#.......# .. #.....#
.# #oo.# ##. #n# #
#.. #@# #.#.#
#.##########.#.###
##.##......##......
##...#..###.####.###
#.......# #......#
###...#..###.######
..............#
########.####.# #.#
#.#


You could see a necrophage and 2 orc priests.

Vanquished Creatures
  A water moccasin skeleton (D:5)
  A hound skeleton (D:4)
  A gnoll (D:1)
  4 adders
  An adder skeleton (D:4)
  2 worms
  8 orcs
  7 ball pythons
  5 bats
  4 endoplasms
  A giant cockroach (D:4)
  7 goblins
  6 hobgoblins
  11 jackals
  2 quokkas
  4 frilled lizards (D:1)
  9 kobolds
  4 rats
78 creatures vanquished.

Vanquished Creatures (others)
  A wizard (D:4)
1 creature vanquished.

Grand Total: 79 creatures vanquished

Notes
Turn   | Place    | Note
-------+----------+-------------------------------------------
     0 | D:1      | Sanktem7 the Minotaur Fighter began the quest for the Orb.
     0 | D:1      | Reached XP level 1. HP: 19/19 MP: 0/0
   116 | D:1      | Reached XP level 2. HP: 27/27 MP: 1/1
   503 | D:1      | Found a faded altar of an unknown god.
   538 | D:1      | Reached XP level 3. HP: 11/33 MP: 2/2
  1286 | D:2      | You fall into a shaft and drop 1 floor!
  1321 | D:3      | Identified the +9 dagger of Tirphoug {distort, rElec Will+
                  | Str+6}
  1324 | D:3      | Reached XP level 4. HP: 40/40 MP: 3/3
  1355 | D:3      | Found a burning altar of Makhleb.
  1473 | D:3      | Noticed an ogre
  1474 | D:3      | Banished an ogre
  1475 | D:3      | Reached skill level 1 in Short Blades
  1475 | D:3      | Reached skill level 1 in Throwing
  1475 | D:3      | Reached XP level 5. HP: 47/47 MP: 4/4
  2140 | D:2      | Reached skill level 5 in Fighting
  2321 | D:4      | Reached skill level 5 in Armour
  2511 | D:4      | Found a staircase to the Ecumenical Temple.
  2861 | D:4      | Found a bloodstained altar of Trog.
  2862 | D:4      | Noticed a wizard
  2867 | D:4      | Became a worshipper of Trog the Wrathful
  2868 | D:4      | Killed a wizard
  2936 | D:4      | Found a snail-covered altar of Cheibriados.
  3110 | D:5      | Entered Level 5 of the Dungeon
  3161 | D:5      | Reached XP level 6. HP: 56/56 MP: 5/5
  3234 | D:5      | Found a white marble altar of Elyvilon.
  3543 | D:5      | HP: 1/56 [necrophage (3)]
  3543 | D:5      | Slain by a necrophage

Illustrated notes

Levels and vault maps discovered:
D:1:      wheals_arrival_shading, layout_basic,
          hellmonk_ecumenical_altar_run_dry, chequers_serial_rivers_micro_d
D:2:      layout_basic, kennysheep_generic_room_4
D:3:      minmay_door_path, layout_basic, bloody_makhleb,
          kennysheep_generic_room_13
D:4:      layout_basic, trog_wizard, mainiacjoe_overflow_surrounded_room,
          temple_fountains
D:5:      layout_loops_corners, nicolae_overflow_squiral,
          lemuel_coloured_pillars_altar

Skill      XL: |  1  2  3  4  5 |
---------------+----------------+-----
Armour         | 4 5 |  5.2
Fighting       | 4 5 |  5.3
Long Blades    | 3 |  3.8
Short Blades   | 1 2 |  2.4
Throwing       | 1 |  1.9
Dodging        | |  0.4
Shields        | |  3.6

Action                   |  1- 3 |  4- 6 || total
-------------------------+-------+-------++-------
Melee: Long sword        |    98 |       ||    98
       Headbutt          |     9 |     7 ||    16
       Dagger            |       |    74 ||    74
Throw: Dart              |     6 |     4 ||    10
Armor: Scale mail        |    46 |    26 ||    72
Dodge: Dodged            |    37 |    29 ||    66
Block: Buckler           |    32 |     8 ||    40
